 Dungeon Crawl Stone Soup version 0.20.1-1-g8b1a95d (webtiles) character file.

58 Mesmaeker13 the Magician (level 3, 0/26 HPs)
             Began as a Draconian Wizard on Aug 13, 2017.
             Killed by nerve-wracking pain
             ... invoked by an orc priest
              (11 damage)
             ... on level 2 of the Dungeon.
             The game lasted 00:03:18 (2332 turns).

Mesmaeker13 the Magician (Draconian Wizard)         Turns: 2332, Time: 00:03:19

Health: 0/26       AC:  6    Str:  9    XL:     3   Next: 75%
Magic:  2/8        EV: 12    Int: 19    God:
Gold:   104        SH:  0    Dex:  9    Spells: 6/9 levels left

rFire    . . .     SeeInvis .   j - +0 hand axe
rCold    . . .     Gourm    .   (no shield)
rNeg     . . .     Faith    .   (armour unavailable)
rPois    .         Spirit   .   a - +0 hat
rElec    .         Reflect  .   (no cloak)
rCorr    .         Harm     .   n - +0 pair of gloves
MR       .....                  (no boots)
Stlth    ++........             (no amulet)
Regen    0.1/turn               (no ring)
MPRegen  0.2/turn               (no ring)

@: very slightly contaminated
A: unfitting armour, cold-blooded, AC +5
a: no special abilities


You were on level 2 of the Dungeon.
You were hungry.

You visited 1 branch of the dungeon, and saw 3 of its levels.

You collected 104 gold pieces.

Inventory:

Hand Weapons
 g - a +0 dagger
 j - a +0 hand axe (weapon)
Missiles
 i - 12 poisoned needles
Armour
 a - a +0 hat (worn)
 n - a +0 pair of gloves (worn)
Scrolls
 d - a scroll of random uselessness {unknown}
 e - a scroll of fear {unknown}
 k - 2 scrolls of teleportation
 l - a scroll of enchant weapon {unknown}
 o - a scroll of recharging {unknown}
 t - a scroll of identify {unknown}
 w - a scroll of noise {unknown}
Potions
 f - a potion of might {unknown}
 h - a potion of mutation {unknown}
 p - a potion of curing {unknown}
 q - a potion of degeneration {unknown}
 r - a potion of cancellation {unknown}
 s - a potion of lignification {unknown}
 u - a potion of flight {unknown}
 x - a potion of resistance {unknown}
 z - 2 potions of berserk rage {unknown}
Books
 b - a book of Minor Magic

   Spells                             Type                      Level
   a - Magic Dart                     Conjuration                  1
   b - Blink                          Translocation                2
   c - Call Imp                       Summoning                    2
   d - Slow                           Hexes                        2
   e - Conjure Flame                  Conjuration/Fire             3
   f - Mephitic Cloud                 Conjuration/Poison/Air       3
Comestibles
 c - a bread ration
 m - 3 fruits
 v - a meat ration


   Skills:
 + Level 2.2 Dodging
 - Level 1.7 Stealth
 + Level 3.6 Spellcasting
 + Level 2.2 Conjurations
 + Level 1.2 Summonings
   Level 1.0 Translocations


You had 6 spell levels left.
You knew the following spells:

 Your Spells              Type           Power        Failure   Level  Hunger
a - Magic Dart            Conj           ##..         6%          1    None
b - Call Imp              Summ           #.......     13%         2    ##.....


Dungeon Overview and Level Annotations

Branches:
Dungeon (3/15)

Altars:


Innate Abilities, Weirdness & Mutations

Your plain brown scales are hard. (AC +5)
You cannot fit into any form of body armour.
You are cold-blooded and may be slowed by cold attacks.


Message History

You hit the orc priest but do no damage.
Your crimson imp hits the orc priest but does no damage.
The orc priest completely misses you.
Your crimson imp closely misses the orc priest.
You are feeling hungry.
You hit the orc priest but do no damage.
The orc priest hits you with a mace of protection.
Your crimson imp hits the orc priest but does no damage.
You hit the orc priest but do no damage.
The orc priest hits you but does no damage.
Your crimson imp blinks!
You hit the orc priest.
The orc priest is moderately wounded.
The orc priest hits you with a mace of protection.
You hit the orc priest but do no damage.
The orc priest is moderately wounded.
The orc priest hits you with a mace of protection.
The orc priest calls down the wrath of Beogh upon you.
Pain shoots through your body!
You die...

###....####...#
#....)..........
#...........##################
#....###.....# #.
#.#..###.###.##### #.
#.##.....# #<....# #####.
#...####.###.###.### #.....
###.# #.....#o....# #.###. #.#
###.###>5...######.# #. #.#
#...@.........##.###. #.#
#.###.....###.##.#...
#.######.###.....##...#.#.##
#.#...<................(..#
#†#.####.#########....#####
#.#.# #.# #.#.## #.#.#
#.#########.#.# #.#.#
#.............# #.#.#
###########.###


You could see an orc priest and a friendly crimson imp.

Vanquished Creatures
  An adder (D:2)
  An ooze (D:1)
  3 dart slugs (D:2)
  A leopard gecko (D:1)
  7 goblins
  2 hobgoblins
  4 jackals (D:1)
  2 kobolds (D:1)
  4 bats (D:1)
  4 frilled lizards (D:1)
  3 rats
32 creatures vanquished.

Vanquished Creatures (collateral kills)
  A worm (D:2)
  An orc (D:2)
2 creatures vanquished.

Grand Total: 34 creatures vanquished

Notes
Turn   | Place    | Note
-------+----------+-------------------------------------------
     0 | D:1      | Mesmaeker13 the Draconian Wizard began the quest for the Orb.
     0 | D:1      | Reached XP level 1. HP: 14/14 MP: 4/4
   541 | D:1      | Reached XP level 2. HP: 19/20 MP: 0/6
  1111 | D:1      | Reached XP level 3. HP: 25/26 MP: 0/7
  1127 | D:1      | Learned a level 2 spell: Call Imp
  2332 | D:2      | Killed from afar by an orc priest

Skill      XL: |  1  2 |
---------------+-------+-----
Dodging        | 2 |  2.2
Conjurations   | 2 |  2.2
Stealth        | |  1.7
Spellcasting   | |  3.6
Summonings     | |  1.2
Translocations | |  1.0

Action                   || total
-------------------------++-------
Melee: Unarmed           ||    15
       Tailslap          ||     5
       Hand axe          ||    50
 Cast: Magic Dart        ||    50
       Call Imp          ||     5
  Use: Scroll            ||     1
  Eat: Chunk             ||     4
Armor: Skin              ||    41
Dodge: Dodged            ||    56
